 Dungeon Crawl Stone Soup version 0.31.0-1-g2c135a0 (webtiles) character file.

Game seed: 345094619334447973

887 jagoly the Chopper (level 8, 0/51 HPs)
             Began as a Gargoyle Monk on Feb 1, 2024.
             Was a Believer of the Shining One.
             Slain by a bullfrog (6 damage)
             ... on level 7 of the Dungeon.
             The game lasted 00:11:52 (1736 turns).

jagoly the Chopper (Gargoyle Monk)                  Turns: 1736, Time: 00:11:53

Health: 0/51       AC: 17    Str: 24    XL:     8   Next: 5%
Magic:  8/8        EV:  9    Int: 12    God:    the Shining One [**....]
Gold:   149        SH:  0    Dex: 12    Spells: 7/7 levels left

rFire   + + .        a - +0 hand axe
rCold   . . .        d - orb {light}
rNeg    + + .        h - +0 chain mail
rPois   ∞            t - +1 hat
rElec   +            (no cloak)
rCorr   +            (no gloves)
SInv    .            l - +0 pair of boots
Will    .....        (no amulet) Stlth
                     q - ring of Crawling {*Slow rF++ rCorr Str+2 Slay+4}
HPRegen 0.28/turn    y - +6 ring of strength
MPRegen 0.11/turn

%: slow self (1%)
@: weakened, glowing
A: sickness immunity, AC +5, negative energy resistance 1, electricity
resistance, torment resistance 1, petrification resistance
a: Renounce Religion, Divine Shield


You were on level 7 of the Dungeon.
You worshipped the Shining One.
The Shining One was pleased with you.
You visited 2 branches of the dungeon, and saw 8 of its levels.

You collected 149 gold pieces.

Inventory:

Hand Weapons
 a - a +0 hand axe (weapon)
 g - a +0 trident of pain
Missiles
 e - 2 javelins
 j - 24 stones
 r - 13 boomerangs (quivered)
Armour
 b - a +0 robe
 d - an orb of light (worn)
 h - a +0 chain mail (worn)
 l - a +0 pair of boots (worn)
 t - a +1 hat (worn)
Jewellery
 i - a ring of see invisible
 q - the ring of Crawling (left hand) {*Slow rF++ rCorr Str+2 Slay+4}
   (You found it on level 3 of the Dungeon)

   [ring of slaying]

   Str+2:     It affects your strength (+2).
   Slay+4:    It affects your accuracy & damage with ranged weapons and melee
   (+4).
   rF++:      It greatly protects you from fire.
   rCorr:     It protects you from acid and corrosion.
   *Slow:     It may slow you when you take damage.
 y - a +6 ring of strength (right hand)
Wands
 z - a wand of paralysis (2)
Scrolls
 f - a scroll of immolation {unknown}
 m - a scroll of vulnerability {unknown}
 s - a scroll of enchant weapon {unknown}
 u - a scroll of amnesia {unknown}
 x - a scroll of identify {unknown}
Potions
 c - a potion of ambrosia
 k - a potion of might {unknown}
 n - 2 potions of attraction {unknown}
 o - a potion of degeneration {unknown}
 p - a potion of resistance {unknown}
 v - 3 potions of curing {unknown}
 w - a potion of enlightenment {unknown}
 A - a potion of haste {unknown}


   Skills:
 + Level 5.7 Fighting
 * Level 6.2 Axes
 + Level 4.4 Armour
 - Level 3.0 Dodging


You had 7 spell levels left.
You didn't know any spells.
Your spell library contained the following spells:

 Spells                   Type           Power      Damage    Failure   Level
 Apportation              Tloc           0%         N/A       87%         1
 Necrotise                Necr           0%         1d4       87%         1
 Sting                    Conj/Alch      0%         1d3       87%         1
 Summon Small Mammal      Summ           0%         N/A       87%         1
 Inner Flame              Hex/Fire       0%         N/A       99%         3
 Flame Wave               Conj/Fire      0%         2d4       100%        4
 Sticky Flame             Fire/Alch      0%         2d4       100%        4


Dungeon Overview and Level Annotations

Branches:
Dungeon (7/15) Zot: 26944  Temple (1/1) D:5 Zot: 5939

Altars:
Ashenzari
Cheibriados
Dithmenos
Elyvilon
Fedhas
Gozag
Hepliaklqana
Kikubaaqudgha
Makhleb
Nemelex Xobeh
Okawaru
Qazlal
Ru
Sif Muna
Trog
Uskayaw
Vehumet
Xom
Yredelemnul
Zin
The Shining One

Shops:
D:1 ?   D:5 *

Annotations:
D:7 Prince Ribbit


Innate Abilities, Weirdness & Mutations

You are immune to sickness and miasma.
Your stone body is resilient. (AC +5)
You are immune to poison.
You resist negative energy. (rN+)
You are resistant to electric shocks. (rElec)
You are resistant to unholy torment.
You are immune to petrification.


Message History

The gnoll attacks as it pursues you! The gnoll hits you but does no damage.
The gnoll barely misses you.
You hit the gnoll but do no damage. The gnoll hits you but does no damage.
You hit the gnoll.
The gnoll is lightly wounded.
The gnoll misses you.
You hit the gnoll.
The gnoll is severely wounded.
The gnoll closely misses you.
You barely miss the gnoll.
The gnoll is heavily wounded.
The gnoll barely misses you.
You slash the gnoll!
You kill the gnoll!
You hit the gnoll.
The gnoll is lightly wounded.
The gnoll hits you with a +0 whip.
You barely miss the gnoll.
The gnoll is lightly wounded.
The gnoll closely misses you.
You hit the gnoll.
The gnoll is heavily wounded.
The gnoll hits you but does no damage.
You slash the gnoll!
You kill the gnoll!
You have reached level 7!
You hit the gnoll.
The gnoll is lightly wounded.
The gnoll hits you but does no damage.
You hit the gnoll.
The gnoll is lightly wounded.
The gnoll hits you but does no damage.
You hit the gnoll.
The gnoll is heavily wounded.
The gnoll hits you but does no damage.
You completely miss the gnoll.
The gnoll is heavily wounded.
The gnoll hits you with a +0 whip.
You hit the gnoll but do no damage.
The gnoll is heavily wounded.
The gnoll hits you with a +0 whip.
You hit the gnoll.
The gnoll is severely wounded.
The gnoll hits you but does no damage.
You hit the gnoll.
The gnoll is severely wounded.
The gnoll hits you but does no damage.
You hit the gnoll but do no damage.
The gnoll is severely wounded.
The gnoll hits you with a +0 whip.
You slash the gnoll!
You kill the gnoll!
No target in view!
Items here: ))) [ †.
Okay, then.
Things that are here:
a +0 spear; a gnoll corpse A bombardier beetle comes into view.
A black bear comes into view.
The bombardier beetle bites you but does no damage.
The black bear growls angrily.
You hit the bombardier beetle.
The bombardier beetle is lightly wounded.
You hit the bombardier beetle.
The bombardier beetle is heavily wounded.
The bombardier beetle bites you but does no damage.
You completely miss the bombardier beetle.
The bombardier beetle is heavily wounded.
You hit the bombardier beetle.
The bombardier beetle is heavily wounded.
The bombardier beetle sprays incendiary fluid at you.
The burning spray hits you.
You are covered in liquid fire!
You hit the bombardier beetle but do no damage.
The bombardier beetle is heavily wounded.
The liquid fire burns you! The bombardier beetle bites you.
You slash the bombardier beetle!
The bombardier beetle is almost dead.
The liquid fire burns you!
You hit the bombardier beetle.
You kill the bombardier beetle!
The liquid fire burns you!
Your Fighting skill increases to level 5!
You hit the black bear.
The black bear is lightly wounded.
The liquid fire burns you! The black bear barely misses you.
The black bear claws you but does no damage. x2
You slash the black bear!
The black bear is heavily wounded.
The liquid fire burns you!
The black bear bites you but does no damage.
The black bear claws you but does no damage.
The black bear closely misses you.
You slash the black bear!
The black bear is almost dead.
The liquid fire burns you!
The black bear goes berserk!
You hit the black bear.
You kill the black bear!
The liquid fire burns you!
No target in view!
You shake off the liquid fire.
Found 2 glowing inky potions.
v - 3 glowing inky potions (gained 2) HP restored.
Found Uhuitym's General Store.
There is an entrance to Uhuitym's General Store here.
Unknown command.
You can access your shopping list by pressing '$'.
Unknown command.
Unknown command.
Found 10 gold pieces and a scroll labelled JOHEODUESA.
Found an escape hatch in the ceiling.
You now have enough gold to buy a scroll of blinking on D:1.
You can access your shopping list by pressing '$'.
You now have 92 gold pieces (gained 10).
x - a scroll labelled JOHEODUESA A hound comes into view.
The hound barks!
You slash the hound!
The hound is heavily wounded.
The hound bites you.
You slash the hound!
You kill the hound!
No target in view!
Found a robe.
Found 11 gold pieces.
You now have enough gold to buy a potion of mutation on this level.
You can access your shopping list by pressing '$'.
You now have 103 gold pieces (gained 11).
As you open the door, it creaks loudly!
A shadow imp comes into view.
The shadow imp shouts!
There is an open door here.
The shadow imp gestures at you. Pain shoots through your body!
You hit the shadow imp.
The shadow imp is moderately wounded.
The shadow imp closely misses you.
You barely miss the shadow imp.
The shadow imp is moderately wounded.
The shadow imp hits you but does no damage.
You barely miss the shadow imp.
The shadow imp is moderately wounded.
The shadow imp lashes its tail.
The shadow imp hits you but does no damage.
A ribbon worm comes into view.
You hit the shadow imp.
The shadow imp is heavily wounded.
The shadow imp disappears for a moment.
The shadow imp gestures at you.
You struggle to resist.
You hit the shadow imp.
The shadow imp is severely wounded.
The shadow imp hits you but does no damage.
You hit the shadow imp.
The shadow imp is severely wounded.
The shadow imp closely misses you.
You slash the shadow imp!
You kill the shadow imp!
The Shining One accepts your kill.
The ribbon worm expels a string of sticky webbing.
The stream of webbing hits you but does no damage.
You are caught in a web!
There is a web here.
You struggle to detach yourself from the web.
The web tears apart.
You hit the ribbon worm.
The ribbon worm is moderately wounded.
You hit the ribbon worm.
The ribbon worm is heavily wounded.
The ribbon worm closely misses you.
You slash the ribbon worm!
The ribbon worm is almost dead.
The ribbon worm bites you but does no damage.
You hit the ribbon worm.
You kill the ribbon worm!
You open the door.
There is an open door here.
Found a sling.
A quokka comes into view.
A quokka is nearby!
The quokka bites you but does no damage.
You barely miss the quokka. The quokka closely misses you.
The quokka bites you but does no damage.
You hit the quokka.
The quokka is moderately wounded.
The quokka bites you but does no damage.
You hit the quokka but do no damage.
The quokka is moderately wounded.
The quokka barely misses you.
You closely miss the quokka.
The quokka is moderately wounded.
The quokka bites you.
You closely miss the quokka.
The quokka is moderately wounded.
The quokka barely misses you.
You barely miss the quokka.
The quokka is moderately wounded.
The quokka bites you but does no damage. x2
You hit the quokka.
You kill the quokka!
You see here a +0 sling.
Found a stone staircase leading down.
Found a golden ring.
There is a stone staircase leading down here.
y - a +6 ring of strength
Okay, then.
You are illuminated by a small divine halo.
You are glowing.
Your movement speed is average.
Your attack delay is about 1.0.
Your damage rating with your +0 hand axe is about 14 (Base 7 x 120% (Str) x 120% (Skill) + 4 (Slay)).
Your base attributes are Str 16, Int 11, Dex 12.
Unknown command.
You feel stronger.
y - a +6 ring of strength (right hand)
You are illuminated by a small divine halo.
You are glowing.
Your movement speed is average.
Your attack delay is about 1.0.
Your damage rating with your +0 hand axe is about 15 (Base 7 x 135% (Str) x 120% (Skill) + 4 (Slay)).
Your base attributes are Str 16, Int 11, Dex 12.
Unknown command.
There is a stone staircase leading down here.
You climb downwards.
There is a stone staircase leading up here.
Found 27 gold pieces.
Found a burning altar of Makhleb.
A centaur comes into view.
The centaur shouts!
The centaur wields a +0 shortbow.
The centaur shoots an arrow.
The arrow hits you but does no damage.
The centaur shoots an arrow.
The arrow hits you.
You see here 14 gold pieces.
You now have 117 gold pieces (gained 14).
The centaur shoots an arrow.
The arrow hits you!
The centaur unwields a +0 shortbow.
The centaur barely misses you.
The centaur kicks you but does no damage.
The centaur hits you but does no damage.
The centaur completely misses you.
You slash the centaur!
The centaur is moderately wounded.
The centaur hits you but does no damage.
The centaur completely misses you.
You slash the centaur!
The centaur is severely wounded.
The centaur hits you but does no damage.
The centaur kicks you but does no damage.
The centaur hits you but does no damage.
The centaur barely misses you.
You hit the centaur.
The centaur is almost dead.
The centaur hits you but does no damage.
The centaur kicks you but does no damage.
You hit the centaur.
The centaur is almost dead.
The centaur hits you.
The centaur kicks you but does no damage.
The centaur hits you but does no damage.
The centaur misses you.
You hit the centaur.
You kill the centaur!
Your Armour skill increases to level 4!
You see here a +0 shortbow.
Found 19 gold pieces.
You now have 130 gold pieces (gained 13).
A scorpion comes into view.
You see here 19 gold pieces.
You now have 149 gold pieces (gained 19).
The scorpion barely misses you.
The scorpion stings you but does no damage.
You hit the scorpion but do no damage.
The scorpion stings you but does no damage.
You slash the scorpion!
The scorpion is heavily wounded.
The scorpion stings you but does no damage.
You hit the scorpion.
The scorpion is heavily wounded.
The scorpion stings you but does no damage.
You hit the scorpion.
The scorpion is severely wounded.
The scorpion closely misses you.
You slash the scorpion!
You kill the scorpion!
No target in view!
Found a scale mail.
A phantom comes into view.
Found 8 stones.
The phantom hits you but does no damage.
You closely miss the phantom.
The phantom hits you but does no damage.
You hit the phantom.
The phantom is lightly damaged.
The phantom hits you but does no damage.
You closely miss the phantom.
The phantom is lightly damaged.
The phantom closely misses you.
You hit the phantom.
The phantom is moderately damaged.
The phantom completely misses you.
You hit the phantom.
The phantom is heavily damaged.
The phantom closely misses you.
You hit the phantom.
The phantom is heavily damaged.
The phantom misses you.
You hit the phantom.
The phantom is severely damaged.
The phantom hits you but does no damage.
You barely miss the phantom.
The phantom is severely damaged.
The phantom hits you.
The phantom blinks!
You blink.
Found a viscous golden potion.
The phantom hits you but does no damage.
You hit the phantom but do no damage.
The phantom is severely damaged.
The phantom barely misses you.
You hit the phantom.
The phantom is severely damaged.
The phantom closely misses you.
You slash the phantom!
You destroy the phantom!
The Shining One accepts your kill.
You feel better.
Your Axes skill increases to level 6!
No target in view!
j - 24 stones (gained 8)
An ice beast comes into view.
n - 2 viscous golden potions (gained 1)
An orc priest and 2 orcs come into view.
The orc shouts!
The orc priest shouts!
The orc shouts! 2 orcs come into view.
The orc shouts! x2
The orc priest barely misses you.
You hit the orc priest.
The orc priest is heavily wounded.
You hit the orc. You hit the orc but do no damage. The orc closely misses you.
The orc hits you but does no damage.
Found a stone staircase leading down.
The orc attacks as it pursues you! The orc hits you with a +0 hand axe.
You hit the orc priest but do no damage.
The orc priest is heavily wounded.
You hit the orc. x2; You hit the orc but do no damage.
The orc hits you but does no damage.
The orc priest looks satisfied for a moment.
The orc barely misses you. x2
You hit the orc priest.
The orc priest is almost dead.
You completely miss the orc. You slash the orc!
You kill the orc!
You hit the orc but do no damage. x2; The orc closely misses you.
The orc hits you with a +0 flail. The orc hits you but does no damage.
The orc priest closely misses you.
You slash the orc priest!
You kill the orc priest!
The Shining One accepts your kill.
You feel better.
You hit the orc but do no damage. You slash the orc!
You kill the orc!
You slash the orc!
You kill the orc!
The orc closely misses you.
You have reached level 8!
You feel clever.
You slash the orc!
You kill the orc!
Found 7 stones.
There is a stone staircase leading down here.
You climb downwards.
Found an ivory wand and a bubbling ruby potion.
There is a stone staircase leading up here.
HP restored.
z - a wand of paralysis (2)
A - a bubbling ruby potion
There is a stone staircase leading up here.
A gnoll bouda comes into view. It is wielding a +0 whip.
The gnoll bouda shouts!
The gnoll bouda barks out a call to the hunt!
You hear a shout!
You hear a croak.
You hear a shout!
A gnoll comes into view. It is wielding a +0 spear.
A gnoll comes into view.
It is wielding a +4 flail of holy wrath.
Prince Ribbit and a gnoll come into view.
The gnoll shouts!
The gnoll hits you but does no damage.
You barely miss the gnoll. The gnoll hits you with a +0 spear.
You hit the gnoll.
The gnoll is moderately wounded.
The gnoll hits you with a +0 spear.
You slash the gnoll!
The gnoll is severely wounded.
The gnoll hits you but does no damage.
You hit the gnoll.
You kill the gnoll!
Prince Ribbit hits you!
You hear a croak.
You closely miss Prince Ribbit.
Prince Ribbit hits you but does no damage.
You barely miss Prince Ribbit.
Prince Ribbit catches a baby bat with his tongue.
Prince Ribbit hits you.
A bullfrog comes into view.
You hit Prince Ribbit.
Prince Ribbit is lightly wounded.
Prince Ribbit barely misses you. x2
You hit Prince Ribbit.
Prince Ribbit is moderately wounded.
Prince Ribbit catches a butterfly with his tongue.
Prince Ribbit hits you.
You hit Prince Ribbit.
Prince Ribbit is moderately wounded.
Prince Ribbit hits you.
* * * LOW HITPOINT WARNING * * *
You closely miss Prince Ribbit.
Prince Ribbit is moderately wounded.
The gnoll is no longer moving quickly.
Prince Ribbit closely misses you.
The gnoll bouda gazes fiercely through you!
You feel your attacks grow feeble. Prince Ribbit hits you.
* * * LOW HITPOINT WARNING * * *
You slash Prince Ribbit!
Prince Ribbit is heavily wounded.
The gnoll bouda barks out a call to the hunt!
The gnoll picks up the pace!
Prince Ribbit hits you but does no damage.
You barely miss Prince Ribbit.
Prince Ribbit is heavily wounded.
Prince Ribbit closely misses you.
You completely miss Prince Ribbit.
Prince Ribbit is heavily wounded.
Prince Ribbit closely misses you.
Prince Ribbit hits you but does no damage.
You hit Prince Ribbit.
Prince Ribbit is heavily wounded.
Prince Ribbit hits you.
* * * LOW HITPOINT WARNING * * *
You hit Prince Ribbit.
Prince Ribbit is severely wounded.
Prince Ribbit hits you but does no damage. x2
You hit Prince Ribbit.
Prince Ribbit is severely wounded.
Prince Ribbit blinks!
Okay, then.
Your attacks no longer feel as feeble.
The gnoll bouda barks out a call to the hunt!
Cleave: a) +0 hand axe
Press: ? - help, Dir - move target, f - gnoll
Aim: a gnoll, wielding a +4 flail of holy wrath (covering ground quickly, haloed, about 15% to evade your +0 hand axe)
You hit the gnoll.
The gnoll is lightly wounded.
The gnoll bouda gazes fiercely through you!
You feel your attacks grow feeble.
The gnoll hits you with a +4 flail of holy wrath.
* * * LOW HITPOINT WARNING * * *
Cleave: a) +0 hand axe
Press: ? - help, Dir - move target, f/p - gnoll
Aim: a gnoll, wielding a +4 flail of holy wrath (lightly wounded, covering ground quickly, haloed, about 15% to evade your +0 hand axe)
You hit the gnoll.
The gnoll is heavily wounded.
The gnoll hits you with a +4 flail of holy wrath!
* * * LOW HITPOINT WARNING * * *
Cleave: a) +0 hand axe
Press: ? - help, Dir - move target, f/p - gnoll
Aim: a gnoll, wielding a +4 flail of holy wrath (heavily wounded, covering ground quickly, haloed, about 15% to evade your +0 hand axe)
You slash the gnoll!
You kill the gnoll!
The bullfrog completely misses you.
Cleave: a) +0 hand axe
Press: ? - help, Dir - move target, f - bullfrog
Aim: a bullfrog (haloed, about 23% to evade your +0 hand axe)
Okay, then.
Throw: 5 javelins
Press: ? - help, Shift-Dir - straight line, f - Prince Ribbit
Aim: Prince Ribbit (severely wounded, haloed, 58% to hit)
You throw a javelin.
The javelin pierces through the bullfrog!
The bullfrog is heavily wounded.
The javelin barely misses the gnoll bouda.
The javelin closely misses Prince Ribbit.
The bullfrog closely misses you.
Prince Ribbit blinks!
The bullfrog hits you but does no damage.
Throw: 4 javelins
Press: ? - help, Shift-Dir - straight line, f - gnoll bouda
Aim: a gnoll bouda, wielding a +0 whip and wearing a +0 leather armour (haloed, 83% to hit)
You throw a javelin.
The javelin pierces through the bullfrog!
The bullfrog is severely wounded.
The javelin pierces through the gnoll bouda but does no damage.
The bullfrog hits you but does no damage.
The bullfrog hits you.
* * * LOW HITPOINT WARNING * * *
Throw: 3 javelins
Press: ? - help, Shift-Dir - straight line, f - Prince Ribbit, p - gnoll bouda
Aim: Prince Ribbit (severely wounded, haloed, 58% to hit)
You throw a javelin. The javelin barely misses the bullfrog.
The javelin pierces through the gnoll bouda!
The gnoll bouda is severely wounded.
The javelin completely misses Prince Ribbit.
The bullfrog hits you but does no damage.
The bullfrog hits you.
You die...

#..# #<.#
##..# #...#
#.#.### ###
#.#.#.# #.#
#.#...# #.#
#.###.###.#
#.# #.@...#
#.# ###F###
#.# #g# .F(
.###. .. ..
## .. .## #


You could see Prince Ribbit, a bullfrog and a gnoll bouda.

Vanquished Creatures
  An ice beast (D:5)
  2 black bears
  A centaur (D:6)
  A phantom (D:6)
  A scorpion (D:6)
  2 bombardier beetles (D:5)
  2 hounds (D:5)
  An orc priest (D:6)
  An orc wizard (D:5)
  5 adders
  6 gnolls
  A shadow imp (D:5)
  2 ribbon worms
  A dart slug (D:1)
  15 orcs
  4 bats
  6 endoplasms
  3 giant cockroaches
  6 goblins
  7 hobgoblins
  6 kobolds
  4 quokkas
  7 ball pythons
  2 frilled lizards
  6 rats
93 creatures vanquished.

Notes
Turn   | Place    | Note
-------+----------+-------------------------------------------
     0 | D:1      | jagoly the Gargoyle Monk began the quest for the Orb.
     0 | D:1      | Reached XP level 1. HP: 14/14 MP: 1/1
    65 | D:1      | Reached XP level 2. HP: 18/19 MP: 2/2
   115 | D:1      | Found Memodgh's Magic Scroll Shoppe.
   161 | D:2      | Reached skill level 3 in Axes
   190 | D:2      | Reached skill level 1 in Armour
   261 | D:2      | Reached XP level 3. HP: 22/23 MP: 3/3
   513 | D:2      | Reached XP level 4. HP: 26/29 MP: 4/4
   558 | D:3      | Identified the ring of Crawling {*Slow rF++ rCorr Str+2
                  | Slay+4}
   624 | D:4      | Noticed a black bear
   639 | D:4      | Killed a black bear
   640 | D:4      | Reached skill level 4 in Axes
   640 | D:4      | Reached XP level 5. HP: 2/33 MP: 5/5
   667 | D:5      | Entered Level 5 of the Dungeon
   741 | D:4      | Found a hide-covered altar of Uskayaw.
  1036 | D:5      | Reached XP level 6. HP: 31/39 MP: 6/6
  1104 | D:5      | Found a staircase to the Ecumenical Temple.
  1108 | D:5      | Noticed an ice beast
  1120 | D:5      | Killed an ice beast
  1121 | D:5      | Reached skill level 5 in Axes
  1127 | Temple   | Entered the Ecumenical Temple
  1158 | Temple   | Became a worshipper of the Shining One
  1158 | Temple   | Reached * piety under the Shining One
  1158 | Temple   | Reached ** piety under the Shining One
  1228 | D:5      | Found a sacrificial altar of Ru.
  1249 | D:5      | Reached XP level 7. HP: 43/44 MP: 7/7
  1281 | D:5      | Reached skill level 5 in Fighting
  1332 | D:5      | Found Uhuitym's General Store.
  1594 | D:6      | Found a burning altar of Makhleb.
  1644 | D:6      | Reached skill level 6 in Axes
  1672 | D:6      | Reached XP level 8. HP: 47/51 MP: 8/8
  1713 | D:7      | Noticed Prince Ribbit
  1736 | D:7      | Slain by a bullfrog

Illustrated notes

Levels and vault maps discovered:
D:1:      onia_arrival_handbag, layout_loops_ring, serial_shops, shop
D:2:      layout_basic
D:3:      layout_basic, st_stairs_12, eino_tiny_chamber, serial_bayou_pond_d,
          kennysheep_nub, uniq_terence
D:4:      layout_rooms, nicolae_uskayaw_dance_hall
D:5:      layout_loops_corners, mainiacjoe_overflow_boulevard,
          minmay_temple_entry_large_hall, serial_shops,
          nicolae_shop_pleasant_corner_grove
D:6:      layout_basic, mainiacjoe_overflow_cross_hatched, serial_shops,
          nicolae_shop_drivethru
D:7:      layout_loops_ring, kennysheep_mini_moat, kennysheep_minor_cross,
          uniq_prince_ribbit1
Temple:   dpeg_five_rooms_temple

Skill      XL: |  1  2  3  4  5  6  7 |
---------------+----------------------+-----
Axes           | 3 4 5 6 |  6.2
Armour         | 1 2 3 4 |  4.4
Fighting       | 4 5 |  5.7
Dodging        | 3 |  3.0

Action                     |  1- 3 |  4- 6 |  7- 9 || total
---------------------------+-------+-------+-------++-------
  Melee: Hand axe          |    82 |   107 |    85 ||   274
  Throw: Boomerang         |       |    10 |       ||    10
         Javelin           |       |       |     3 ||     3
 Armour: Robe              |    28 |       |       ||    28
         Chain mail        |    29 |   103 |    77 ||   209
  Dodge: Dodged            |    43 |    66 |    35 ||   144
